 Dungeon Crawl Stone Soup version 0.29-a0-266-gf56f883ddd (webtiles) character file.

Game seed: 2063057556747848097

695 sammy202020 the Skirmisher (level 7, -1/88 HPs)
             Began as a Palentonga Fighter on Mar 6, 2022.
             Slain by an orc priest
             ... wielding a +0 hand axe
              (3 damage)
             ... on level 4 of the Dungeon.
             The game lasted 00:08:14 (3990 turns).

sammy202020 the Skirmisher (Palentonga Fighter)     Turns: 3990, Time: 00:08:15

Health: -1/88      AC: 23    Str: 20    XL:     7   Next: 37%
Magic:  7/7        EV:  1    Int: 10    God:
Gold:   281        SH:  4    Dex:  9    Spells: 6/6 levels left

rFire   . . .      SeeInvis +   a - +0 war axe
rCold   + . .      Faith    .   c - +0 buckler
rNeg    . . .      Spirit   .   (body armour currently unavailable)
rPois   +          Reflect  .   (helmet currently unavailable)
rElec   .          Harm     .   (cloak currently unavailable)
rCorr   .          Rampage  .   (gloves currently unavailable)
Will    +....      NoTele   +   (no barding)
Stlth   +.........              (no amulet)
HPRegen 0.24/turn               b - ring of willpower
MPRegen 0.10/turn               u - ring of protection from cold

@: tree-form
A: stationary, stasis, torment immunity, boosted hp, large, rugged brown scales
3, see invisible, (deformed body), (roll 1), (armoured tail), (reflexive curl)
a: no special abilities


You were on level 4 of the Dungeon.
You were a tree.
You visited 1 branch of the dungeon, and saw 4 of its levels.

You collected 281 gold pieces.

Inventory:

Hand Weapons
 a - a +0 war axe (weapon)
 j - a +0 morningstar
 r - a +0 flail
Armour
 c - a +0 buckler (worn)
 h - a +0 barding (melded)
 i - a +0 cloak (melded)
 l - a +0 helmet (melded)
 n - a +0 chain mail (melded)
Jewellery
 b - a ring of willpower (left branch)
 e - an amulet of magic regeneration
 f - a ring of fire
 u - a ring of protection from cold (right branch)
Wands
 q - a wand of mindburst (6)
Scrolls
 d - a scroll of amnesia
 g - a scroll of teleportation
 m - a scroll of immolation
 o - a scroll of fear
 p - a scroll of fog {unknown}
 s - 2 scrolls of magic mapping {unknown}
Potions
 k - a potion of attraction


   Skills:
 * Level 5.0 Fighting
 * Level 4.5 Axes
 * Level 4.1 Armour
 + Level 1.9 Dodging
 + Level 3.4 Shields


You had 6 spell levels left.
You didn't know any spells.
Your spell library contained the following spells:

 Spells                   Type           Power      Damage    Failure   Level
 Magic Dart               Conj           0%         1d3       43%         1
 Call Imp                 Summ           0%         N/A       56%         2
 Mephitic Cloud           Conj/Pois/Air  0%         N/A       80%         3


Dungeon Overview and Level Annotations

Branches:
Dungeon (4/15)
 Temple: D:4-7

Altars:


Innate Abilities, Weirdness & Mutations

You are a tree.
Your roots penetrate the ground, keeping you stationary.
You cannot be teleported.
You are immune to unholy pain and torment.
Your maximum health is greatly increased.
Your equipment is partially melded.
(You are completely covered in rugged brown scales. (AC +3, +7% HP))
You have supernaturally acute eyesight. (SInv)
((Armour fits poorly on your strangely shaped body.))
((You can roll at nearby foes to attack.))
((You have a long armoured tail.))
((You curl defensively after being hit. (AC +7*)))


Message History

The orc warrior hits you but does no damage.
You slash the orc warrior!
The orc warrior is almost dead.
The orc warrior hits you with a +0 mace!
* * * LOW HITPOINT WARNING * * *
The orc warrior hits you with a +0 mace!
* * * LOW HITPOINT WARNING * * *
You closely miss the orc warrior.
The orc warrior is almost dead.
The orc warrior hits you but does no damage.
It was a potion of lignification.
You turn into a tree.
Your +0 cloak melds into your body.
Your +0 helmet melds into your body.
Your +0 barding melds into your body.
Your +0 chain mail melds into your body.
Your roots penetrate the ground.
The orc warrior hits you but does no damage.
You closely miss the orc warrior.
The orc warrior is almost dead.
The orc warrior hits you but does no damage.
You barely miss the orc warrior.
The orc warrior is almost dead.
The orc warrior hits you with a +0 mace.
* * * LOW HITPOINT WARNING * * *
The orc priest looks encouraged for a moment.
The orc warrior hits you but does no damage.
You hit the orc warrior.
You kill the orc warrior!
Your Fighting skill increases to level 5!
You hit the orc priest.
The orc priest is lightly wounded.
The orc priest hits you with a +0 hand axe.
* * * LOW HITPOINT WARNING * * *
You slash the orc priest!
The orc priest is almost dead.
The orc priest casts a cantrip, but nothing happens.
The orc priest miscasts a cantrip.
You barely miss the orc priest.
The orc priest is almost dead.
The orc priest hits you with a +0 hand axe.
You die...

#.#########
#..o♣.....#
#########.#
#.# #.#
############.#
#.....#......#
#.###.#.######
... #.# #.#.#
...... #.#
#.#.#


You could see an orc priest.

Vanquished Creatures
  Sigmund (D:2)
  An orc warrior (D:4)
  The ghost of WindUpCitrus the Bolt Thrower, an amateur MiHu of Okawaru (D:3)
  A scorpion (D:4)
  2 iguanas (D:4)
  Ijyb (D:3)
  Terence (D:2)
  Robin (D:3)
  4 gnolls (D:3)
  4 adders
  2 worms
  2 dart slugs
  5 orcs
  10 ball pythons
  2 bats (D:2)
  6 endoplasms
  4 giant cockroaches
  15 goblins
  11 hobgoblins
  4 jackals (D:1)
  8 kobolds
  2 quokkas (D:3)
  2 frilled lizards
  7 rats
97 creatures vanquished.

Notes
Turn   | Place    | Note
-------+----------+-------------------------------------------
     0 | D:1      | sammy202020 the Palentonga Fighter began the quest for the
                  | Orb.
     0 | D:1      | Reached XP level 1. HP: 19/19 MP: 1/1
   234 | D:1      | Reached XP level 2. HP: 25/25 MP: 2/2
   831 | D:2      | Reached XP level 3. HP: 23/31 MP: 3/3
  1220 | D:2      | Noticed Sigmund
  1226 | D:2      | Killed Sigmund
  1227 | D:2      | Reached skill level 4 in Fighting
  1227 | D:2      | Reached skill level 1 in Dodging
  1227 | D:2      | Reached XP level 4. HP: 39/39 MP: 4/4
  1227 | D:2      | Reached XP level 5. HP: 44/44 MP: 5/5
  1234 | D:2      | Noticed Terence
  1253 | D:2      | Killed Terence
  1754 | D:3      | Noticed Ijyb
  1767 | D:3      | Killed Ijyb
  1913 | D:3      | Reached XP level 6. HP: 50/51 MP: 6/6
  1937 | D:3      | Found a faded altar of an unknown god.
  1937 | D:3      | Noticed a shining eye
  1968 | D:3      | Noticed a golden eye
  1969 | D:3      | Noticed a shining eye
  1969 | D:3      | Noticed a great orb of eyes
  2146 | D:3      | Noticed Robin
  2168 | D:3      | Killed Robin
  2296 | D:3      | Found a transporter.
  2298 | D:3      | Noticed WindUpCitrus's ghost (amateur MiHu)
  2299 | D:3      | Found a transporter.
  2499 | D:3      | Killed WindUpCitrus's ghost
  3068 | D:4      | Gained mutation: You curl defensively after being hit. (AC
                  | +7*) [Palentonga growth]
  3068 | D:4      | Reached XP level 7. HP: 23/58 MP: 7/7
  3988 | D:4      | Reached skill level 5 in Fighting
  3988 | D:4      | HP: 2/88 [orc priest/+0 hand axe (4)]
  3990 | D:4      | Slain by an orc priest

Illustrated notes

Levels and vault maps discovered:
D:1:      grunt_arrival_crossed_arrows, layout_loops_cross
D:2:      layout_basic, uniq_terence, uniq_sigmund
D:3:      layout_rooms, hellmonk_ecumenical_altar_watching_god,
          gammafunk_ghost_arena, nicolae_elevator_lobby_plus, uniq_ijyb,
          uniq_robin
D:4:      layout_basic

Skill      XL: |  1  2  3  4  5  6  7 |
---------------+----------------------+-----
Fighting       | 4 5 |  5.0
Axes           | 3 4 |  4.5
Armour         | 3 4 |  4.1
Dodging        | 1 |  1.9
Shields        | 3 |  3.4

Action                   |  1- 3 |  4- 6 |  7- 9 || total
-------------------------+-------+-------+-------++-------
Melee: War axe           |    82 |   148 |    37 ||   267
       Tailslap          |     5 |    19 |     5 ||    29
 Abil: Rolling Charge    |     7 |     2 |       ||     9
  Use: Scroll            |       |     7 |       ||     7
       Potion            |       |     3 |     1 ||     4
Armor: Scale mail        |    71 |     4 |       ||    75
       Chain mail        |       |   115 |    21 ||   136
       Skin              |       |       |     3 ||     3
Dodge: Dodged            |    20 |    21 |     1 ||    42
Block: Buckler           |    18 |    15 |     6 ||    39

Table legend: (Time is in decaauts)
 A = Elapsed time spent in this place.
 B = Non-inter-level travel time spent in this place.
 C = Inter-level travel time spent in this place.
 D = Time resting spent in this place.
 E = Time spent auto-exploring this place.
 F = Levels seen in this place.
 G = Mean time per level.
                   A        B        C        D        E       F      G
               +--------+--------+--------+--------+--------+-----+--------+
         Total |   4086 |   3913 |    173 |    593 |   2425 |   4 | 1021.5 |
       Dungeon |   4086 |   3913 |    173 |    593 |   2425 |   4 | 1021.5 |
               +--------+--------+--------+--------+--------+-----+--------+

Top non-repeatable levels by time:
     D:3: 1248 daAuts
     D:4: 1067 daAuts
     D:2: 968 daAuts
     D:1: 801 daAuts
